[ AOE2 MATCH · #505461997 ]
UnrankedTatars vs Gurjaras
Player's team · LOSS
Rival team · WIN
[ REPLAY ANALYSIS · EXTRACTED FROM THE RECORDED GAME ]
Feudal
10:58
Castle
23:31
Imperial
39:19
| APM avg | 59.6 |
| APM peak | 81 |
| eAPM avg | 25.5 |
| Villagers / military | 128 / 91 |
Focus
⚔️ 40.0% · 🌾 60.0%
Cavalry Archer ×35 · Skirmisher ×30 · Knight ×15 · Militia ×4 · Archer ×3 · Mangonel ×2
Feudal
8:50
Castle
18:53
Imperial
37:26
| APM avg | 76.3 |
| APM peak | 116 |
| eAPM avg | 45.8 |
| Villagers / military | 179 / 112 |
Focus
⚔️ 52.8% · 🌾 47.2%
Skirmisher ×44 · Archer ×34 · Elephant Archer ×19 · Mangonel ×8 · Monk ×4 · Trebuchet (Packed) ×2
Match map
Initial resources + every placement click. Lines = walls · curves = elevation contours. ◆ gold · ⬟ stone · ● berries · ✦ relic · ◌ wall gap
Your base· ✓ Closed at 23:31 · 35t walls · no gate
wR.Prisma's base· Open — opponent sealed themselves in
Smoothed initial terrain · ◌ = detected wall gap · hover for details
Inputs per minute
— CNZS_98T - - wR.Prisma
Build order — CNZS_98T
First 150 of 370 actions detected
| 0:00 | Create | Villager (Male) |
| 0:01 | Create | Villager (Male) |
| 0:01 | Create | Villager (Male) |
| 0:02 | Build | House |
| 0:04 | Build | House |
| 0:08 | Create | Villager (Male) |
| 0:08 | Create | Villager (Male) |
| 1:33 | Create | Villager (Male) |
| 1:33 | Create | Villager (Male) |
| 1:35 | Build | Lumber Camp |
| 2:02 | Create | Villager (Male) |
| 2:02 | Create | Villager (Male) |
| 2:24 | Create | Villager (Male) |
| 2:25 | Create | Villager (Male) |
| 2:51 | Create | Villager (Male) |
| 2:51 | Create | Villager (Male) |
| 3:16 | Create | Villager (Male) |
| 3:16 | Create | Villager (Male) |
| 3:34 | Build | House |
| 3:42 | Create | Villager (Male) |
| 3:43 | Create | Villager (Male) |
| 4:01 | Create | Villager (Male) |
| 4:01 | Create | Villager (Male) |
| 4:15 | Build | Barracks |
| 4:17 | Build | Palisade Wall |
| 4:31 | Create | Villager (Male) |
| 4:32 | Create | Villager (Male) |
| 4:54 | Create | Villager (Male) |
| 5:15 | Create | Militia |
| 5:15 | Create | Militia |
| 5:19 | Build | House |
| 5:20 | Build | House |
| 5:28 | Create | Villager (Male) |
| 5:28 | Create | Villager (Male) |
| 5:38 | Create | Militia |
| 5:51 | Create | Villager (Male) |
| 6:00 | Create | Militia |
| 6:17 | Create | Villager (Male) |
| 6:33 | Build | Mill |
| 6:37 | Create | Villager (Male) |
| 6:37 | Create | Villager (Male) |
| 7:08 | Create | Villager (Male) |
| 7:08 | Create | Villager (Male) |
| 7:20 | Create | Villager (Male) |
| 7:23 | Research | Loom |
| 8:14 | Create | Villager (Male) |
| 8:46 | Research | Feudal Age |
| 8:51 | Build | Lumber Camp |
| 9:30 | Build | Mining Camp |
| 9:42 | Build | Palisade Wall |
| 9:57 | Build | Mill |
| 10:19 | Build | House |
| 10:33 | Create | Villager (Male) |
| 10:52 | Create | Villager (Male) |
| 10:58 | Age | Feudal Age |
| 11:01 | Create | Spearman |
| 11:10 | Build | Archery Range |
| 11:16 | Create | Villager (Male) |
| 11:33 | Build | Blacksmith |
| 11:35 | Build | House |
| 11:45 | Create | Spearman |
| 11:53 | Build | House |
| 12:02 | Build | Palisade Wall |
| 12:08 | Create | Villager (Male) |
| 12:12 | Create | Villager (Male) |
| 12:13 | Create | Archer |
| 12:16 | Build | House |
| 12:34 | Build | Farm |
| 12:35 | Research | Horse Collar |
| 12:35 | Research | Double-Bit Axe |
| 12:35 | Research | Double-Bit Axe |
| 12:38 | Create | Archer |
| 12:40 | Build | House |
| 12:46 | Build | House |
| 12:59 | Create | Villager (Male) |
| 13:06 | Build | Palisade Wall |
| 13:07 | Build | Palisade Wall |
| 13:12 | Create | Archer |
| 13:18 | Build | House |
| 13:25 | Create | Villager (Male) |
| 13:37 | Build | Blacksmith |
| 13:40 | Create | Villager (Male) |
| 13:51 | Build | Farm |
| 14:02 | Create | Skirmisher |
| 14:13 | Build | Farm |
| 14:14 | Create | Villager (Male) |
| 14:27 | Build | Farm |
| 14:28 | Create | Villager (Male) |
| 14:42 | Build | Farm |
| 14:42 | Create | Villager (Male) |
| 14:57 | Create | Villager (Male) |
| 14:59 | Build | Farm |
| 15:00 | Build | Farm |
| 15:04 | Create | Skirmisher |
| 15:11 | Build | House |
| 15:16 | Build | House |
| 15:43 | Create | Villager (Male) |
| 15:46 | Build | Farm |
| 15:48 | Research | Fletching |
| 15:48 | Create | Skirmisher |
| 15:57 | Create | Villager (Male) |
| 15:59 | Build | Farm |
| 16:04 | Build | Palisade Wall |
| 16:05 | Create | Villager (Male) |
| 16:07 | Create | Skirmisher |
| 16:16 | Create | Skirmisher |
| 16:24 | Research | Man-at-Arms (upgrade) |
| 16:32 | Build | House |
| 16:34 | Build | Palisade Wall |
| 16:35 | Create | Skirmisher |
| 16:40 | Create | Villager (Male) |
| 16:57 | Create | Skirmisher |
| 17:00 | Build | Farm |
| 17:03 | Create | Villager (Male) |
| 17:24 | Research | Padded Archer Armor |
| 17:25 | Create | Skirmisher |
| 17:29 | Build | Farm |
| 17:30 | Create | Villager (Male) |
| 17:34 | Build | House |
| 17:40 | Create | Skirmisher |
| 17:44 | Create | Villager (Male) |
| 18:21 | Create | Villager (Male) |
| 18:23 | Build | Market |
| 18:52 | Create | Villager (Male) |
| 18:54 | Create | Skirmisher |
| 19:10 | Build | Archery Range |
| 19:12 | Build | House |
| 19:14 | Build | House |
| 19:16 | Build | House |
| 19:38 | Build | Farm |
| 19:40 | Create | Skirmisher |
| 19:49 | Build | Farm |
| 19:51 | Create | Skirmisher |
| 20:51 | Research | Castle Age |
| 20:55 | Create | Skirmisher |
| 20:56 | Create | Skirmisher |
| 21:19 | Create | Skirmisher |
| 21:19 | Create | Skirmisher |
| 21:39 | Research | Gold Mining |
| 21:39 | Research | Gold Mining |
| 21:40 | Create | Skirmisher |
| 21:44 | Build | House |
| 21:46 | Create | Skirmisher |
| 22:05 | Build | Stable |
| 22:14 | Create | Skirmisher |
| 22:21 | Build | House |
| 22:29 | Build | Farm |
| 22:33 | Create | Skirmisher |
| 22:33 | Create | Skirmisher |
| 22:45 | Research | Wheelbarrow |
Build order — wR.Prisma
First 150 of 506 actions detected
| 0:00 | Create | Villager (Male) |
| 0:01 | Build | House |
| 0:02 | Build | House |
| 0:14 | Create | Villager (Male) |
| 0:17 | Create | Villager (Male) |
| 0:20 | Create | Villager (Male) |
| 0:30 | Build | Mill |
| 1:30 | Create | Villager (Male) |
| 1:54 | Create | Villager (Male) |
| 2:24 | Create | Villager (Male) |
| 2:29 | Create | Villager (Male) |
| 2:45 | Create | Villager (Male) |
| 3:08 | Create | Villager (Male) |
| 3:17 | Create | Villager (Male) |
| 3:53 | Build | House |
| 3:55 | Build | Lumber Camp |
| 4:06 | Create | Villager (Male) |
| 4:20 | Create | Villager (Male) |
| 4:28 | Create | Villager (Male) |
| 4:29 | Create | Villager (Male) |
| 5:07 | Create | Villager (Male) |
| 5:14 | Create | Villager (Male) |
| 5:25 | Create | Villager (Male) |
| 5:40 | Create | Villager (Male) |
| 6:10 | Create | Villager (Male) |
| 6:36 | Research | Feudal Age |
| 6:36 | Research | Feudal Age |
| 6:54 | Build | Lumber Camp |
| 7:03 | Build | Palisade Wall |
| 7:04 | Build | Palisade Wall |
| 7:11 | Build | House |
| 7:20 | Build | Palisade Wall |
| 7:39 | Create | Villager (Male) |
| 7:59 | Build | Barracks |
| 8:30 | Build | House |
| 8:40 | Create | Villager (Male) |
| 8:50 | Age | Feudal Age |
| 8:53 | Build | Archery Range |
| 9:01 | Research | Double-Bit Axe |
| 9:01 | Research | Double-Bit Axe |
| 9:06 | Create | Villager (Male) |
| 9:08 | Build | Palisade Wall |
| 9:10 | Build | Palisade Wall |
| 9:31 | Create | Villager (Male) |
| 9:36 | Create | Archer |
| 9:40 | Create | Villager (Male) |
| 9:42 | Build | Mining Camp |
| 9:55 | Build | Palisade Wall |
| 9:55 | Create | Villager (Male) |
| 10:11 | Build | Farm |
| 10:16 | Create | Archer |
| 10:18 | Create | Villager (Male) |
| 10:22 | Create | Villager (Male) |
| 10:27 | Build | House |
| 10:29 | Create | Villager (Male) |
| 10:31 | Build | Farm |
| 10:49 | Create | Villager (Male) |
| 10:55 | Create | Archer |
| 11:05 | Create | Villager (Male) |
| 11:13 | Build | Farm |
| 11:29 | Create | Archer |
| 11:31 | Create | Villager (Male) |
| 11:50 | Create | Villager (Male) |
| 12:04 | Research | Loom |
| 12:05 | Build | Farm |
| 12:06 | Build | Farm |
| 12:09 | Create | Villager (Male) |
| 12:10 | Build | Farm |
| 12:15 | Create | Archer |
| 12:16 | Create | Villager (Male) |
| 12:19 | Build | Farm |
| 12:28 | Create | Villager (Male) |
| 12:30 | Build | Farm |
| 12:42 | Create | Archer |
| 12:50 | Build | Farm |
| 12:53 | Build | House |
| 12:57 | Create | Villager (Male) |
| 12:58 | Create | Archer |
| 13:12 | Create | Villager (Male) |
| 13:21 | Create | Villager (Male) |
| 13:25 | Create | Archer |
| 13:27 | Create | Villager (Male) |
| 13:30 | Create | Villager (Male) |
| 13:34 | Create | Villager (Male) |
| 13:36 | Build | Farm |
| 14:13 | Create | Villager (Male) |
| 14:41 | Create | Villager (Male) |
| 14:42 | Create | Archer |
| 14:54 | Build | Archery Range |
| 14:57 | Build | House |
| 14:57 | Build | House |
| 15:12 | Research | Loom |
| 15:23 | Build | Blacksmith |
| 15:38 | Create | Villager (Male) |
| 15:42 | Build | Farm |
| 15:43 | Build | Farm |
| 15:49 | Build | Farm |
| 15:51 | Build | House |
| 15:58 | Create | Archer |
| 16:03 | Build | Farm |
| 16:13 | Research | Castle Age |
| 16:13 | Research | Castle Age |
| 16:20 | Create | Archer |
| 16:20 | Create | Archer |
| 16:28 | Create | Archer |
| 16:41 | Create | Archer |
| 16:49 | Research | Gold Mining |
| 16:50 | Research | Gold Mining |
| 16:53 | Create | Archer |
| 16:53 | Create | Archer |
| 16:53 | Create | Archer |
| 17:15 | Research | Fletching |
| 17:15 | Research | Fletching |
| 17:15 | Research | Fletching |
| 17:17 | Create | Archer |
| 17:26 | Build | Farm |
| 17:40 | Create | Archer |
| 17:41 | Create | Archer |
| 17:45 | Create | Archer |
| 17:58 | Research | Horse Collar |
| 18:08 | Create | Archer |
| 18:14 | Build | House |
| 18:30 | Create | Archer |
| 18:35 | Create | Villager (Male) |
| 18:53 | Age | Castle Age |
| 18:54 | Research | Bodkin Arrow |
| 19:12 | Research | Crossbowman (upgrade) |
| 19:12 | Research | Crossbowman (upgrade) |
| 19:13 | Create | Villager (Male) |
| 19:30 | Create | Villager (Male) |
| 19:34 | Build | Town Center |
| 19:37 | Build | Town Center |
| 19:38 | Create | Villager (Male) |
| 19:40 | Create | Archer |
| 19:47 | Build | Farm |
| 19:47 | Build | Farm |
| 19:47 | Build | Farm |
| 19:55 | Create | Villager (Male) |
| 20:01 | Create | Villager (Male) |
| 20:22 | Build | House |
| 20:23 | Build | House |
| 20:26 | Build | House |
| 20:29 | Build | House |
| 20:34 | Build | House |
| 20:39 | Build | House |
| 20:50 | Create | Villager (Male) |
| 20:51 | Create | Villager (Male) |
| 20:58 | Create | Archer |
| 20:58 | Create | Archer |
| 21:01 | Create | Villager (Male) |
Match timeline
| 4:15 | CNZS_98T · first_building Barracks |
| 4:17 | CNZS_98T · wall_segment Palisade Wall x1 |
| 7:03 | wR.Prisma · wall_segment Palisade Wall x1 |
| 7:04 | wR.Prisma · wall_segment Palisade Wall x1 |
| 7:20 | wR.Prisma · wall_segment Palisade Wall x2 |
| 7:59 | wR.Prisma · first_building Barracks |
| 8:50 | wR.Prisma · age_up feudal |
| 8:53 | wR.Prisma · first_building Archery Range |
| 9:08 | wR.Prisma · wall_segment Palisade Wall x4 |
| 9:10 | wR.Prisma · wall_segment Palisade Wall x1 |
| 9:42 | CNZS_98T · wall_segment Palisade Wall x10 |
| 9:55 | wR.Prisma · wall_segment Palisade Wall x3 |
| 10:58 | CNZS_98T · age_up feudal |
| 11:10 | CNZS_98T · first_building Archery Range |
| 12:02 | CNZS_98T · wall_segment Palisade Wall x7 |
| 13:06 | CNZS_98T · wall_segment Palisade Wall x3 |
| 13:07 | CNZS_98T · wall_segment Palisade Wall x4 |
| 16:04 | CNZS_98T · wall_segment Palisade Wall x4 |
| 16:34 | CNZS_98T · wall_segment Palisade Wall x6 |
| 18:53 | wR.Prisma · age_up castle |
| 20:18 | CNZS_98T · first_market_buy 100 food |
| 20:49 | CNZS_98T · first_market_sell 100 wood |
| 22:05 | CNZS_98T · first_building Stable |
| 22:10 | wR.Prisma · wall_segment Palisade Wall x1 |
| 22:15 | wR.Prisma · first_building Monastery |
| 23:31 | CNZS_98T · age_up castle |
| 24:05 | wR.Prisma · first_building Siege Workshop |
| 24:46 | CNZS_98T · wall_segment Palisade Wall x1 |
| 27:05 | wR.Prisma · wall_segment Palisade Wall x3 |
| 27:07 | CNZS_98T · first_building Siege Workshop |
| 33:51 | wR.Prisma · first_market_sell 100 wood |
| 37:26 | wR.Prisma · age_up imperial |
| 37:39 | wR.Prisma · first_market_buy 100 stone |
| 37:45 | wR.Prisma · first_building Castle |
| 39:10 | CNZS_98T · first_building Castle |
| 39:19 | CNZS_98T · age_up imperial |
| 39:28 | wR.Prisma · first_building Stable |
| 39:39 | CNZS_98T · resign |
[ AI ANALYSIS · 1 CREDIT ]
What really happened in this match?
Wolo.gg analyzes every decision: build order, eco, micro, common mistakes by bracket. Personalized analysis on WhatsApp or Discord in 30 seconds.
Civ guide
Tatars
Perfil
Jugador #25365699